Map: King's Cove LE

Players

Mez - Winner!

  • Race: Terran Terran
  • League: Master
  • Spawn Location: 5:00

Northstar

  • Race: Terran Terran
  • League: Master
  • Spawn Location: 11:00

VOD

Have the link to the VOD?

Description

Time

  • Played on: July 31, 2019, 12:30 a.m.
  • Length: 5:12
Show
View Real Time Build Order
Export as new Build Order

Mez Terran - Winner!

Build Orders: Reaper Expand 

Get SALT Encoding   

  12  0:00  SCV  
  13  0:13  SCV  
  14  0:20  Supply Depot  
  14  0:25  SCV  
  15  0:41  SCV  
  16  0:43  Barracks  
  16  0:46  Refinery  
  16  0:53  SCV  
  17  1:06  SCV  
  18  1:18  SCV  
  19  1:31  Reaper  
  20  1:32  Orbital Command  
  20  1:46  Command Center  
  20  2:00  SCV  
  21  2:03  Barracks  
  21  2:06  Barracks Reactor  
  21  2:12  Barracks  
  21  2:16  SCV  
  22  2:23  Supply Depot  
  22  2:28  SCV  
  23  2:44  SCV, Marine x2  
  26  2:53  Barracks Tech Lab  
  26  2:57  SCV  
  27  2:59  Marine  
  27  3:00  Orbital Command  
  27  3:02  Marine x2  
  30  3:12  Concussive Shells, Marauder  
  32  3:13  SCV  
  32  3:17  Marine  
  33  3:32  Marine x2  
  33  3:34  SCV x2  
  36  3:42  Marine, Marauder  
  36  3:46  SCV x2, Supply Depot  
  41  3:50  Engineering Bay, Marine  
  42  3:59  SCV x2  
  44  4:03  Barracks Tech Lab  
  44  4:07  Marine  
  44  4:08  Marine  
  46  4:11  SCV  
  46  4:12  Supply Depot  
  45  4:24  Marine x2  
  45  4:25  Marine  
  45  4:27  Marine  
  49  4:33  Missile Turret  
  49  4:34  SCV x2  
  49  4:35  Missile Turret  
  49  4:37  Supply Depot  
  51  4:42  Marine  
  51  4:46  SCV  
  52  4:57  SCV  
Show
View Real Time Build Order
Export as new Build Order

Northstar Terran 

Build Orders:  

Get SALT Encoding   

  12  0:03  SCV  
  13  0:15  SCV  
  13  0:20  Supply Depot  
  14  0:27  SCV  
  15  0:33  Refinery  
  15  0:41  SCV  
  16  0:47  Barracks  
  16  0:54  SCV  
  17  1:06  SCV  
  18  1:18  SCV  
  19  1:23  Refinery  
  19  1:30  SCV  
  20  1:34  Reaper  
  21  1:42  Orbital Command  
  21  1:51  Factory  
  21  1:56  Supply Depot  
  21  2:07  Reaper  
  22  2:16  SCV  
  23  2:34  Command Center  
  23  2:38  Hellion, SCV  
  26  2:46  Reaper  
  26  2:51  SCV, Supply Depot  
  28  3:03  SCV  
  28  3:04  Starport  
  31  3:05  Hellion  
  30  3:34  SCV  
  30  3:36  Factory Tech Lab  
  28  3:42  Barracks Tech Lab  
  28  3:46  SCV  
  29  3:48  Orbital Command  
  29  3:55  Refinery  
  29  3:58  SCV  
  30  4:04  Cyclone  
  30  4:08  Raven  
  35  4:11  SCV  
  36  4:24  Command Center  
  36  4:25  SCV  
  36  4:29  SCV  
  38  4:37  SCV  
  38  4:38  Cyclone  
Tags
 
Add a new tag
Caveats
  • Supply blocks, unpowered buildings, or Contaminate may cause inaccurate times.
  • Supply counts are checked every 10 seconds.